 Dungeon Crawl Stone Soup version 0.25-a0-566-g062765be81 (webtiles) character file.

Game seed: 12671851381568591476, levelgen mode: deterministic

15 kae the Sneak (level 2, 0/15 HPs)
             Began as a Kobold Enchanter on Feb 27, 2020.
             Slain by a hobgoblin
             ... wielding a +0 club
              (2 damage)
             ... on level 1 of the Dungeon.
             The game lasted 00:00:24 (582 turns).

kae the Sneak (Kobold Enchanter)                     Turns: 582, Time: 00:00:25

Health: 0/15       AC:  2    Str:  5    XL:     2   Next: 65%
Magic:  4/5        EV: 15    Int: 16    God:
Gold:   13         SH:  0    Dex: 15    Spells: 2/5 levels left

rFire    . . .     SeeInvis .   a - +1 dagger
rCold    . . .     Gourm    .   (shield restricted)
rNeg     . . .     Faith    .   b - +0 robe
rPois    .         Spirit   .   (no helmet)
rElec    .         Reflect  .   (no cloak)
rCorr    .         Harm     .   (no gloves)
MR       .....                  (no boots)
Stlth    +++.......             (no amulet)
HPRegen  0.05/turn              (no ring)
MPRegen  0.09/turn              (no ring)

@: no status effects
A: small, carnivore
a: no special abilities


You were on level 1 of the Dungeon.
You were very full.

You visited 1 branch of the dungeon, and saw 1 of its levels.

You collected 13 gold pieces.

Inventory:

Hand Weapons
 a - a +1 dagger (weapon)
Armour
 b - a +0 robe (worn)
Scrolls
 c - a scroll of enchant armour {unknown}
 f - a scroll of noise {unknown}
 h - a scroll of identify {unknown}
Potions
 e - a potion of degeneration {unknown}
 g - 2 potions of stabbing {unknown}
Comestibles
 d - a ration


   Skills:
 * Level 2.3 Short Blades
 - Level 2.4 Dodging
 + Level 4.3 Stealth
 + Level 2.4 Spellcasting
 + Level 3.1 Hexes


You had 2 spell levels left.
You knew the following spells:

 Your Spells              Type           Power        Failure   Level  Hunger
a - Corona                Hex            ##.....      5%          1    #......
b - Ensorcelled Hibernat  Hex/Ice        #.....       16%         2    ###....

Your spell library contained the following spells:

 Spells                   Type           Power        Failure   Level  Hunger
 Confusing Touch          Hex            ##......     16%         3    ###....
 Tukima's Dance           Hex            ##......     16%         3    ###....
 Dazzling Flash           Conj/Hex       #.....       30%         3    ###....


Dungeon Overview and Level Annotations

Branches:
Dungeon (1/15)

Altars:


Innate Abilities, Weirdness & Mutations

You are small and have problems with some larger weapons.
You are carnivorous and can eat meat at any time.


Message History

The hobgoblin shouts!
Found a bubbling grey potion.
The hobgoblin barely misses you.
You closely miss the hobgoblin. The hobgoblin hits you with a +0 club.
You hit the hobgoblin but do no damage. You barely miss the hobgoblin.
The hobgoblin hits you but does no damage.
You hit the hobgoblin but do no damage. The hobgoblin hits you with a +0 club.
Casting: Corona (safe; 5% risk of failure)
Confirm with . or Enter, or press ? or * to list all spells.
Aiming: Corona (safe; 5% risk of failure)
Press: ? - help, Shift-Dir - straight line, f - hobgoblin
Aim: a hobgoblin, wielding a +0 club (chance to defeat MR: 66%)
The hobgoblin is outlined in light.
The hobgoblin hits you with a +0 club.
You hit the hobgoblin but do no damage. The hobgoblin hits you with a +0 club.
* * * LOW HITPOINT WARNING * * *
You hit the hobgoblin.
The hobgoblin is heavily wounded.
The hobgoblin hits you with a +0 club.
You die...

#.#..##...#.... .
... #.
#.#..†#.........#..
## #.
#...#.###..#......!
##
###.##.............
# #...#...........
#...#...#.....#
#....#.####..# ###
#.......#..##.....
#.........@g..#
###########.### .#
.# .# .# .# ..


You could see a hobgoblin.

Vanquished Creatures
  2 dart slugs (D:1)
  A bat (D:1)
  A goblin (D:1)
  2 hobgoblins (D:1)
  2 kobolds (D:1)
  2 frilled lizards (D:1)
  A rat (D:1)
11 creatures vanquished.

Notes
Turn   | Place    | Note
-------+----------+-------------------------------------------
     0 | D:1      | kae the Kobold Enchanter began the quest for the Orb.
     0 | D:1      | Reached XP level 1. HP: 10/10 MP: 3/3
   376 | D:1      | Reached XP level 2. HP: 15/15 MP: 5/5
   383 | D:1      | Learned a level 2 spell: Ensorcelled Hibernation
   582 | D:1      | Slain by a hobgoblin

Levels and vault maps discovered:
D:1:      matt_arrival_debris, layout_basic, hex_medium

Skill      XL: |  1 |
---------------+----+-----
Short Blades   | 2 |  2.3
Dodging        | |  2.4
Stealth        | |  4.3
Spellcasting   | |  2.4
Hexes          | |  3.1

Action                   || total
-------------------------++-------
Melee: Dagger            ||    45
 Cast: Corona            ||     3
 Stab: Sleeping          ||     4
  Eat: Chunk             ||     5
Armor: Robe              ||     1
Dodge: Dodged            ||    23

Table legend:
 A = Non-vault XP
 B = Vault XP
 C = Vault XP percentage of total XP
 D = Non-vault monster count
 E = Vault monster count
 F = Vault count percentage of total count
                 A         B        C        D         E       F
            +---------+---------+-------+---------+---------+-------
      Total |      22 |       0 |   0.0 |      11 |       0 |   0.0
            +---------+---------+-------+---------+---------+-------
        D:1 |      22 |       0 |   0.0 |      11 |       0 |   0.0
            +---------+---------+-------+---------+---------+-------
